 Dungeon Crawl Stone Soup version 0.23.2-1-ga50397a (webtiles) character file.

Game seed: 10146497990734246594

109 Fang the Skirmisher (level 4, -5/29 HPs)
             Began as a Gargoyle Berserker on May 16, 2019.
             Was a Believer of Trog.
             Slain by a phantom (8 damage)
             ... on level 4 of the Dungeon.
             The game lasted 00:01:59 (2348 turns).

Fang the Skirmisher (Gargoyle Berserker)            Turns: 2348, Time: 00:02:00

Health: -5/29      AC:  5    Str: 22    XL:     4   Next: 89%
Magic:  4/4        EV: 12    Int:  7    God:    Trog [**....]
Gold:   54         SH:  0    Dex:  9    Spells: 3/3 levels left

rFire    + . .     SeeInvis .   n - +2 war axe (chop)
rCold    . . .     Gourm    .   (no shield)
rNeg     + . .     Faith    .   b - +0 animal skin
rPois    ∞         Spirit   .   (no helmet)
rElec    +         Reflect  .   (no cloak)
rCorr    .         Harm     .   (no gloves)
MR       .....                  (no boots)
Stlth    +.........             (no amulet)
HPRegen  0.09/turn              l - ring of protection from fire
MPRegen  0.09/turn              (no ring)

@: berserk cooldown, slowed, very slow
A: negative energy resistance 1, electricity resistance, unbreathing,
petrification resistance, rot immunity, AC +3
a: Berserk, Trog's Hand, Renounce Religion


You were on level 4 of the Dungeon.
You worshipped Trog.
Trog was pleased with you.
You were hungry.

You visited 1 branch of the dungeon, and saw 4 of its levels.

You collected 54 gold pieces.

Inventory:

Hand Weapons
 a - a +0 hand axe
 n - a +2 war axe of chopping (weapon)
Armour
 b - a +0 animal skin (worn)
Jewellery
 l - a ring of protection from fire (left hand)
Scrolls
 d - 2 scrolls of teleportation {unknown}
 e - 3 scrolls of identify {unknown}
 g - a scroll of fear {unknown}
 h - 5 scrolls of remove curse {unknown}
 m - a scroll of enchant weapon {unknown}
Potions
 f - 2 potions of agility {unknown}
 i - 5 potions of lignification {unknown}
 k - a potion of might {unknown}
Comestibles
 c - 5 rations
 j - 6 chunks of flesh


   Skills:
 + Level 4.1 Fighting
 + Level 3.3 Axes
 + Level 3.3 Armour
 + Level 2.4 Dodging


You had 3 spell levels left.
You didn't know any spells.
Your spell library was empty.

Dungeon Overview and Level Annotations

Branches:
Dungeon (4/15)
 Temple: D:4-7

Altars:


Innate Abilities, Weirdness & Mutations

You are resistant to torment.
Your stone body is resilient. (AC +3)
You are immune to poison.
You resist negative energy. (rN+)
You are resistant to electric shocks. (rElec)
You can survive without breathing.
You are immune to petrification.
You are immune to rotting.


Message History

You swing at nothing.
You feel your anger nearly subside.
You swing at nothing.
You are no longer berserk.
You are exhausted.
You feel yourself slow down.
You slash the phantom!
The phantom is moderately damaged.
The phantom blinks!
You swing at nothing.
The phantom blinks!
You swing at nothing.
The phantom completely misses you.
You hit the phantom but do no damage.
The phantom is moderately damaged.
The phantom blinks!
You swing at nothing.
You miss the phantom. The phantom closely misses you. x2
You hit the phantom. The phantom closely misses you. The phantom hits you.
* * * LOW HITPOINT WARNING * * *
You closely miss the phantom. The phantom hits you!
You die...

..#.# #.#.# ...
###.#.####.######
...............#
#########...####......#
........).......>.....#
###...).#..###......#
#####.######.###W.....##
...........#..##@.......
#####.####.#.....#?##...
...........##..#$# #
#####.########.#...
......# #...### #######
##..# #... #.... ......


You could see a phantom.

Vanquished Creatures
  A hound (D:3)
  2 adders
  An ooze (D:2)
  A worm (D:3)
  2 dart slugs
  A leopard gecko (D:1)
  6 orcs
  2 giant cockroaches
  4 hobgoblins
  4 jackals (D:2)
  A quokka (D:2)
  2 ball pythons
  2 bats (D:2)
  3 frilled lizards
  2 goblins
  6 kobolds
  6 rats
46 creatures vanquished.

Notes
Turn   | Place    | Note
-------+----------+-------------------------------------------
     0 | D:1      | Fang the Gargoyle Berserker began the quest for the Orb.
     0 | D:1      | Reached XP level 1. HP: 14/14 MP: 1/1
   960 | D:1      | Reached XP level 2. HP: 19/19 MP: 2/2
  1413 | D:2      | Reached XP level 3. HP: 17/23 MP: 3/3
  1592 | D:2      | Reached ** piety under Trog
  2085 | D:3      | Reached XP level 4. HP: 29/29 MP: 4/4
  2243 | D:3      | Reached skill level 4 in Fighting
  2320 | D:4      | Noticed a phantom
  2348 | D:4      | Slain by a phantom

Skill      XL: |  1  2  3  4 |
---------------+-------------+-----
Axes           | 3 |  3.3
Dodging        | 2 |  2.4
Armour         | 3 |  3.3
Fighting       | 4 |  4.1

Action                   |  1- 3 |  4- 6 || total
-------------------------+-------+-------++-------
Melee: Hand axe          |   122 |       ||   122
       War axe           |     1 |    25 ||    26
Invok: Berserk           |       |     1 ||     1
  Eat: Chunk             |     4 |     1 ||     5
Armor: Animal skin       |    31 |     6 ||    37
Dodge: Dodged            |    84 |    22 ||   106
